 Dungeon Crawl Stone Soup version 0.22-b1-26-g9dbaab1 (webtiles) character file.

123 Lew the Twirler (level 4, -8/34 HPs)
             Began as a Demonspawn Gladiator on Aug 6, 2018.
             Shot with an arrow by a centaur (11 damage)
             ... on level 3 of the Dungeon.
             The game lasted 00:11:20 (1762 turns).

Lew the Twirler (Demonspawn Gladiator)              Turns: 1762, Time: 00:11:21

Health: -8/34      AC: 13    Str: 15    XL:     4   Next: 79%
Magic:  4/4        EV:  5    Int:  9    God:
Gold:   120        SH:  0    Dex: 15    Spells: 3/3 levels left

rFire    + . .     SeeInvis .   a - +0 quarterstaff
rCold    . . .     Gourm    .   (shield currently unavailable)
rNeg     . . .     Faith    .   e - +0 plate armour
rPois    .         Spirit   .   c - +0 helmet
rElec    .         Reflect  .   (no cloak)
rCorr    .         Harm     .   (no gloves)
MR       .....                  (no boots)
Stlth    ..........             j - amulet of the acrobat
HPRegen  0.11/turn              (no ring)
MPRegen  0.09/turn              (no ring)

@: no status effects
A: thin metallic scales 1, fire resistance 1
a: no special abilities


You were on level 3 of the Dungeon.
You were not hungry.

You visited 1 branch of the dungeon, and saw 3 of its levels.

You collected 120 gold pieces.

Inventory:

Hand Weapons
 a - a +0 quarterstaff (weapon)
Missiles
 d - 3 throwing nets (quivered)
Armour
 c - a +0 helmet (worn)
 e - a +0 plate armour (worn)
Jewellery
 j - an amulet of the acrobat (around neck)
 k - an uncursed ring of attention
 m - an uncursed amulet of the gourmand
Scrolls
 h - 2 scrolls of remove curse
 i - 4 scrolls of teleportation {unknown}
 n - 2 scrolls of magic mapping {unknown}
 o - 2 scrolls of enchant weapon {unknown}
 p - 2 scrolls of blinking {unknown}
 q - a scroll of amnesia {unknown}
 s - a scroll of identify {unknown}
 u - 2 scrolls of noise {unknown}
Potions
 b - 3 potions of flight {unknown}
 g - a potion of cancellation {unknown}
 l - a potion of berserk rage {unknown}
 r - a potion of brilliance {unknown}
 t - 2 potions of curing {unknown}
Comestibles
 f - 5 rations


   Skills:
 * Level 2.7 Fighting
 + Level 4.0 Staves
 - Level 1.7 Throwing
 + Level 1.1 Armour
 * Level 3.3 Dodging
 + Level 0.1 Stealth


You had 3 spell levels left.
You didn't know any spells.
Your spell library was empty.

Dungeon Overview and Level Annotations

Branches:
Dungeon (3/15)

Altars:


Innate Abilities, Weirdness & Mutations

You are partially covered in thin metallic scales. (AC +2)
Your flesh is heat resistant. (rF+)


Message History

Your plate armour prevents you from hitting the centaur.
The centaur is severely wounded.
The centaur barely misses you. The centaur hits you.
* * * LOW HITPOINT WARNING * * *
Your plate armour prevents you from hitting the centaur.
The centaur is severely wounded.
The centaur barely misses you. The worm bites you but does no damage.
You hit the centaur.
The centaur is almost dead.
The centaur hits you but does no damage.
The centaur hits you.
* * * LOW HITPOINT WARNING * * *
The worm bites you but does no damage.
The centaur wields an uncursed shortbow.
The centaur shoots an arrow.
The arrow hits you.
* * * LOW HITPOINT WARNING * * *
You see here an arrow.
Unknown command.
The centaur shoots an arrow.
The arrow hits you!
You die...

###.....#######.........
...>.........##.........
.............##.......^.
.............##...........
..............#†..........
..............#((....#....
.......##......$.....#....
.......##.......(##.......
...######...♣...@(........
.......##..♣.♣..♣(♣w......
.......##.).♣♣♣♣♣♣.♣.....
.......#...♣ ♣c♣ ....
......##... ..♣ ...
.#######.. ♣♣.♣ ..
.....### ♣♣♣ . .......#.
.........


You could see a centaur and a worm.

Vanquished Creatures
  A hound (D:3)
  An adder (D:3)
  2 oozes (D:2)
  A worm (D:2)
  4 dart slugs
  A leopard gecko (D:1)
  An orc (D:3)
  5 ball pythons
  2 giant cockroaches
  8 goblins
  10 hobgoblins
  4 jackals (D:2)
  2 kobolds
  7 bats
  A frilled lizard (D:1)
  9 rats
59 creatures vanquished.

Notes
Turn   | Place    | Note
-------+----------+-------------------------------------------
     0 | D:1      | Lew the Demonspawn Gladiator began the quest for the Orb.
     0 | D:1      | Reached XP level 1. HP: 16/16 MP: 1/1
    95 | D:1      | Gained mutation: You are partially covered in thin metallic scales. (AC +2) [demonic ancestry]
    95 | D:1      | Reached XP level 2. HP: 20/22 MP: 2/2
   246 | D:1      | Reached skill level 3 in Staves
   407 | D:1      | Reached XP level 3. HP: 28/28 MP: 3/3
  1121 | D:2      | Reached skill level 1 in Armour
  1319 | D:2      | Gained mutation: Your flesh is heat resistant. (rF+) [demonic ancestry]
  1319 | D:2      | Reached XP level 4. HP: 34/34 MP: 4/4
  1743 | D:3      | Reached skill level 4 in Staves
  1743 | D:3      | Noticed a centaur
  1762 | D:3      | Shot with an arrow by a centaur

Skill      XL: |  1  2  3  4 |
---------------+-------------+-----
Dodging        | 3 |  3.3
Staves         | 3 4 |  4.0
Armour         | 1 |  1.1
Fighting       | |  2.7
Throwing       | |  1.7
Stealth        | |  0.1

Action                   |  1- 3 |  4- 6 || total
-------------------------+-------+-------++-------
Melee: Quarterstaff      |   131 |    76 ||   207
  Use: Scroll            |     1 |       ||     1
  Eat: Chunk             |     8 |     1 ||     9
Armor: Plate armour      |   185 |    76 ||   261
Dodge: Dodged            |    64 |    31 ||    95
